 Dungeon Crawl Stone Soup version 0.28-a0-21-gf74fda84f9 (webtiles) character file.

Game seed: 17039016747292259787

8 ezpacito the Skirmisher (level 2, 11/24 HPs)
             Began as a Demonspawn Abyssal Knight on July 26, 2021.
             Was an Initiate of Lugonu.
             Quit the game on level 1 of the Dungeon.
             The game lasted 00:00:46 (589 turns).

ezpacito the Skirmisher (Demonspawn Abyssal Knight)  Turns: 589, Time: 00:00:47

Health: 11/24      AC:  3    Str: 12    XL:     2   Next: 0%
Magic:  3/3        EV: 11    Int: 13    God:    Lugonu [......]
Gold:   20         SH:  0    Dex: 12    Spells: 1/1 levels left

rFire   . . .      SeeInvis .   a - +1 hand axe
rCold   . . .      Faith    .   (no shield)
rNeg    . . .      Spirit   .   b - +0 leather armour
rPois   .          Reflect  .   (helmet restricted)
rElec   .          Harm     .   (no cloak)
rCorr   .          Rampage  .   (no gloves)
Will    .....                   (no boots)
Stlth   +.........              (no amulet)
HPRegen 0.08/turn               (no ring)
MPRegen 0.08/turn               (no ring)

@: no status effects
A: antennae 1
a: Renounce Religion


You were on level 1 of the Dungeon.
You worshipped Lugonu.
Lugonu was noncommittal.
You visited 1 branch of the dungeon, and saw 1 of its levels.
You visited the Abyss 1 time.

You collected 20 gold pieces.

Inventory:

Hand Weapons
 a - a +1 hand axe (weapon)
Armour
 b - a +0 leather armour (worn)
Potions
 c - a potion of might {unknown}
 d - a potion of lignification {unknown}
 e - a potion of haste {unknown}


   Skills:
 + Level 3.0 Fighting
 * Level 2.0 Axes
 + Level 1.9 Armour
 + Level 1.1 Dodging
 + Level 0.2 Spellcasting
 + Level 2.6 Invocations


You had one spell level left.
You didn't know any spells.
Your spell library was empty.

Dungeon Overview and Level Annotations

Branches:
Dungeon (1/15)

Altars:


Innate Abilities, Weirdness & Mutations

You have a pair of small antennae on your head.


Message History

The quokka barely misses you.
You hit the quokka.
The quokka is almost dead.
The quokka twitches its whiskers.
The quokka barely misses you.
You hit the quokka but do no damage.
The quokka is almost dead.
The quokka barely misses you. The quokka bites you.
You barely miss the quokka.
The quokka is almost dead.
The quokka bites you.
You barely miss the quokka.
The quokka is almost dead.
The quokka bites you but does no damage.
You barely miss the quokka.
The quokka is almost dead.
The quokka closely misses you. The quokka bites you.
You are too injured to fight recklessly!
You are too injured to fight recklessly!
A quokka is nearby!
A quokka is nearby!
You are too injured to fight recklessly!
You closely miss the quokka.
The quokka is almost dead.
The quokka bites you.
You hit the quokka but do no damage.
The quokka is almost dead.
The quokka closely misses you. x2
You closely miss the quokka.
The quokka is almost dead.
The quokka barely misses you.
You hit the quokka.
You kill the quokka!
Lugonu accepts your kill.
Your Axes skill increases to level 2!
You have reached level 2!
You feel monstrous as your demonic heritage exerts itself.
Your demonic ancestry asserts itself...
A pair of antennae grows on your head!
Are you sure you want to abandon this character and quit the game? (Confirm with "yes".)

#.......##...# #..
######.......##...######
.............'....'.....
#+####......##...######
#.#######...# #.# #...#
#.# #...# +.# #...# #@#
##### #†# #.# #.# ..#
###


There were no monsters in sight!

Vanquished Creatures
  A dart slug (D:1)
  2 ball pythons (D:1)
  A hobgoblin (D:1)
  A quokka (D:1)
5 creatures vanquished.

Vanquished Creatures (others)
  2 fungi (D:1)
2 creatures vanquished.

Grand Total: 7 creatures vanquished

Notes
Turn   | Place    | Note
-------+----------+-------------------------------------------
     0 | Abyss:1  | ezpacito the Demonspawn Abyssal Knight began the quest for
                  | the Orb.
     0 | Abyss:1  | Reached XP level 1. HP: 18/18 MP: 2/2
    61 | Abyss:1  | Noticed a large abomination
   101 | Abyss:1  | Noticed a raiju
   102 | Abyss:1  | Noticed a raiju
   102 | Abyss:1  | Noticed a raiju
   102 | Abyss:1  | Noticed a raiju
   103 | D:1      | Escaped the Abyss
   376 | D:1      | Found a faded altar of an unknown god.
   493 | D:1      | Reached skill level 1 in Dodging
   589 | D:1      | Gained mutation: You have a pair of small antennae on your
                  | head. [demonic ancestry]
   589 | D:1      | Reached XP level 2. HP: 11/24 MP: 3/3
   589 | D:1      | Quit the game

Illustrated notes

Levels and vault maps discovered:
D:1:      minmay_arrival_cross, layout_basic, shapermc_ecumenical_altar_gd,
          minmay_fountain_box, minmay_pentomino_w4

Skill      XL: |  1 |
---------------+----+-----
Dodging        | 1 |  1.1
Axes           | 2 |  2.0
Fighting       | |  3.0
Armour         | |  1.9
Spellcasting   | |  0.2
Invocations    | |  2.6

Action                   || total
-------------------------++-------
Melee: Hand axe          ||    23
Invok: Depart the Abyss  ||     1
Armor: Leather armour    ||     3
Dodge: Dodged            ||    18

Table legend: (Time is in decaauts)
 A = Elapsed time spent in this place.
 B = Non-inter-level travel time spent in this place.
 C = Inter-level travel time spent in this place.
 D = Time resting spent in this place.
 E = Time spent auto-exploring this place.
 F = Levels seen in this place.
 G = Mean time per level.
                   A        B        C        D        E       F      G
               +--------+--------+--------+--------+--------+-----+--------+
         Total |    593 |    593 |      0 |     12 |    487 |   2 |  296.5 |
       Dungeon |    490 |    490 |      0 |     12 |    427 |   1 |  490.0 |
         Abyss |    103 |    103 |      0 |      0 |     60 |   1 |  103.0 |
               +--------+--------+--------+--------+--------+-----+--------+

Top non-repeatable levels by time:
     D:1: 490 daAuts
 Abyss:1: 103 daAuts
